TOP OF THE 1ST |
Wichita Wranglers batting - Pitching for West Virginia Power : RHP Rob Woods
|
Pitching: RHP Rob Woods
|
|
Batting: RHB Gabriel Erwin
|
0-0: Ball 1-0: Called Strike 1-1: Foul Ball, location: 2F 1-2: Ball 2-2: Foul Ball, location: 2F 2-2: Fly out, F8 (Flyball, 8LD)
|
Batting: RHB José López
|
0-0: Ball 1-0: Foul Ball, location: 2F 1-1: Swinging Strike 1-2: Strikes out swinging
|
Batting: RHB Hubert MacDonald
|
0-0: Ball 1-0: Called Strike 1-1: Ball 2-1: Foul Ball, location: 2F 2-2: Strikes out looking
|
Top of the 1st over - 0 run(s), 0 hit(s), 0 error(s), 0 left on base; Wichita 0 - West Virginia 0 |
BOTTOM OF THE 1ST |
West Virginia Power batting - Pitching for Wichita Wranglers : LHP Marcos Flores
|
Pitching: LHP Marcos Flores
|
|
Batting: RHB Luis Quezada
|
0-0: Fly out, F8 (Flyball, 8LS)
|
Batting: LHB Burt Ward
|
0-0: Ball 1-0: Foul Ball, location: 2F 1-1: Foul Ball, location: 2F 1-2: Ball 2-2: Strikes out looking
|
Batting: RHB Javier Peña
|
0-0: Ball 1-0: Ball 2-0: Swinging Strike 2-1: Ground out 6-3 (Groundball, 6MS)
|
Bottom of the 1st over - 0 run(s), 0 hit(s), 0 error(s), 0 left on base; Wichita 0 - West Virginia 0 |
TOP OF THE 2ND |
Wichita Wranglers batting - Pitching for West Virginia Power : RHP Rob Woods
|
Batting: RHB Félix Gonzáles
|
0-0: Ball 1-0: Fly out, F9 (Flyball, 9S)
|
Batting: RHB Oliver Todd
|
0-0: Ball 1-0: Ball 2-0: Called Strike 2-1: Ball 3-1: SINGLE (Line Drive, 6D)
|
Batting: RHB Rusty Bennett
|
0-0: Ball Oliver Todd is caught stealing 2nd base 1-0: Fly out, F9 (Flyball, 9)
|
Top of the 2nd over - 0 run(s), 1 hit(s), 0 error(s), 0 left on base; Wichita 0 - West Virginia 0 |
BOTTOM OF THE 2ND |
West Virginia Power batting - Pitching for Wichita Wranglers : LHP Marcos Flores
|
Batting: RHB Tony Parker
|
0-0: Ball 1-0: Ball 2-0: Foul Ball, location: 2F 2-1: Called Strike 2-2: Ball 3-2: Strikes out swinging
|
Batting: LHB Phil Neal
|
0-0: Called Strike 0-1: Foul Ball, location: 2F 0-2: Foul Ball, location: 2F 0-2: Ball 1-2: Ball 2-2: Ball 3-2: SINGLE (Groundball, 6MD)
|
Batting: LHB Wally Harris
|
0-0: Called Strike 0-1: SINGLE (Line Drive, 9S) Phil Neal to second Runner from 2nd tries for 3rd, SAFE, throw made to third Wally Harris to second
|
Batting: SHB Thomas Simmons
|
0-0: Ball 1-0: Foul Ball, location: 2F 1-1: Fly out, F8 (Flyball, 89D) Runner from 3rd tags up, SCORES, no throw Wally Harris to third
|
Batting: RHB Martín López
|
0-0: Called Strike 0-1: Called Strike 0-2: Ball 1-2: Ball 2-2: 2-RUN HOME RUN (Line Drive, 7LD), Distance : 347 ft
|
Batting: SHB Waylon Adams
|
0-0: Ball 1-0: DOUBLE (Groundball, 5L)
|
Batting: RHB Luis Quezada
|
0-0: Called Strike 0-1: Ball Wild Pitch! Waylon Adams to third 1-1: Ball 2-1: Ground out 5-3 (Groundball, 5S)
|
Bottom of the 2nd over - 3 run(s), 4 hit(s), 0 error(s), 1 left on base; Wichita 0 - West Virginia 3 |
TOP OF THE 3RD |
Wichita Wranglers batting - Pitching for West Virginia Power : RHP Rob Woods
|
Batting: LHB Al Miller
|
0-0: Called Strike 0-1: Ground out 6-3 (Groundball, 6)
|
Batting: RHB Jorge Barbosa
|
0-0: Called Strike 0-1: Called Strike 0-2: Foul Ball, location: 2F 0-2: Ball 1-2: Ball 2-2: Strikes out swinging
|
Batting: LHB Richard Hinkle
|
0-0: Ball 1-0: Foul Ball, location: 2F 1-1: Foul Ball, location: 2F 1-2: Ball 2-2: Strikes out swinging passed ball, reaches first!
|
Batting: RHB Gabriel Erwin
|
0-0: Ball 1-0: Ball 2-0: Fly out, F8 (Flyball, 8LM)
|
Top of the 3rd over - 0 run(s), 0 hit(s), 0 error(s), 1 left on base; Wichita 0 - West Virginia 3 |
BOTTOM OF THE 3RD |
West Virginia Power batting - Pitching for Wichita Wranglers : LHP Marcos Flores
|
Batting: LHB Burt Ward
|
0-0: Ball 1-0: Foul Ball, location: 2F 1-1: DOUBLE (Line Drive, 78M)
|
Batting: RHB Javier Peña
|
0-0: Called Strike 0-1: Foul Ball, location: 2F 0-2: Fly out, F6 (Popup, 6D)
|
Batting: RHB Tony Parker
|
0-0: Ball 1-0: Called Strike 1-1: SINGLE (Line Drive, 8LS) Burt Ward to third Runner from 3rd tries for Home, SAFE, no throw
|
Batting: LHB Phil Neal
|
0-0: Foul Ball, location: 2F 0-1: Foul Ball, location: 2F 0-2: Ball 1-2: Foul Ball, location: 2F 1-2: Grounds into double play, 5-4-3 (Groundball, 5)
|
Bottom of the 3rd over - 1 run(s), 2 hit(s), 0 error(s), 0 left on base; Wichita 0 - West Virginia 4 |
TOP OF THE 4TH |
Wichita Wranglers batting - Pitching for West Virginia Power : RHP Rob Woods
|
Batting: RHB José López
|
0-0: Ball 1-0: Fly out, F8 (Flyball, 8RD)
|
Batting: RHB Hubert MacDonald
|
0-0: Ball 1-0: Called Strike 1-1: Ball 2-1: Foul Ball, location: 2F 2-2: Ball 3-2: SOLO HOME RUN (Flyball, 7D), Distance : 376 ft
|
Batting: RHB Félix Gonzáles
|
0-0: Called Strike 0-1: Foul Ball, location: 2F 0-2: Foul Ball, location: 2F 0-2: Ball 1-2: SOLO HOME RUN (Flyball, 78XD), Distance : 421 ft
|
Batting: RHB Oliver Todd
|
0-0: Ball 1-0: Called Strike 1-1: Ball 2-1: Called Strike 2-2: Ground out 1-3 (Groundball, P)
|
Batting: RHB Rusty Bennett
|
0-0: DOUBLE (Groundball, 3L)
|
Batting: LHB Al Miller
|
0-0: Ball 1-0: Swinging Strike 1-1: Swinging Strike 1-2: Ball 2-2: Ball 3-2: Base on Balls
|
Batting: RHB Jorge Barbosa
|
0-0: Foul Ball, location: 2F 0-1: Foul Ball, location: 2F 0-2: Ball 1-2: Strikes out swinging
|
Top of the 4th over - 2 run(s), 3 hit(s), 0 error(s), 2 left on base; Wichita 2 - West Virginia 4 |
BOTTOM OF THE 4TH |
West Virginia Power batting - Pitching for Wichita Wranglers : LHP Marcos Flores
|
Batting: LHB Wally Harris
|
0-0: Ball 1-0: SINGLE (Line Drive, 6M)
|
Batting: SHB Thomas Simmons
|
0-0: Ball 1-0: Ball 2-0: Called Strike 2-1: Ball Wild Pitch! Wally Harris to second 3-1: Fly out, F8 (Flyball, 8RS)
|
Batting: RHB Martín López
|
0-0: Ball 1-0: SINGLE (Groundball, 34D) Wally Harris to third Runner from 3rd tries for Home, SAFE, no throw
|
Batting: SHB Waylon Adams
|
0-0: Ball 1-0: Ball 2-0: Foul Ball, location: 2F 2-1: Grounds into double play, 6-4-3 (Groundball, 6)
|
Bottom of the 4th over - 1 run(s), 2 hit(s), 0 error(s), 0 left on base; Wichita 2 - West Virginia 5 |
TOP OF THE 5TH |
Wichita Wranglers batting - Pitching for West Virginia Power : RHP Rob Woods
|
Batting: LHB Richard Hinkle
|
0-0: Fly out, F8 (Flyball, 8RS)
|
Batting: RHB Gabriel Erwin
|
0-0: Ball 1-0: Fly out, F9 (Flyball, 89M)
|
Batting: RHB José López
|
0-0: Ball 1-0: Fly out, F4 (Popup, 34D)
|
Top of the 5th over - 0 run(s), 0 hit(s), 0 error(s), 0 left on base; Wichita 2 - West Virginia 5 |
BOTTOM OF THE 5TH |
West Virginia Power batting - Pitching for Wichita Wranglers : LHP Marcos Flores
|
Batting: RHB Luis Quezada
|
0-0: Ball 1-0: SINGLE (Flyball, 7S)
|
Batting: LHB Burt Ward
|
0-0: Called Strike Throwing error on steal attempt, E2 Luis Quezada to third 0-1: Ball 1-1: Ball 2-1: Ball 3-1: Base on Balls
|
Batting: RHB Javier Peña
|
0-0: Foul Ball, location: 2F 0-1: Ball 1-1: Ball 2-1: Foul Ball, location: 2F 2-2: Foul Ball, location: 2F 2-2: Fly out, F6 (Line Drive, 6)
|
Batting: RHB Tony Parker
|
0-0: Ball 1-0: Ball 2-0: Ball Burt Ward steals 2nd base 3-0: Swinging Strike 3-1: SINGLE (Line Drive, 34D) Luis Quezada scores Burt Ward to third Runner from 3rd tries for Home, SAFE, no throw
|
Pitching: RHP Carlos Gabriel
|
|
Batting: LHB Phil Neal
|
0-0: Fly out, F7 (Flyball, 7LM)
|
Batting: LHB Wally Harris
|
0-0: Ball 1-0: Single, Error in OF, E7, batter to second base Tony Parker to third
|
Batting: SHB Thomas Simmons
|
0-0: Ground out 6-3 (Groundball, 6)
|
Bottom of the 5th over - 2 run(s), 3 hit(s), 2 error(s), 2 left on base; Wichita 2 - West Virginia 7 |
TOP OF THE 6TH |
Wichita Wranglers batting - Pitching for West Virginia Power : RHP Rob Woods
|
Batting: RHB Hubert MacDonald
|
0-0: Ball 1-0: Foul Ball, location: 2F 1-1: Ground out 5-3 (Groundball, 56)
|
Batting: RHB Félix Gonzáles
|
0-0: Called Strike 0-1: Ball 1-1: Foul Ball, location: 2F 1-2: Ball 2-2: Strikes out looking
|
Batting: RHB Oliver Todd
|
0-0: Called Strike 0-1: Ball 1-1: Ball 2-1: Ball 3-1: Called Strike 3-2: Base on Balls
|
Pitching: RHP Drake Johnston
|
|
Batting: RHB Rusty Bennett
|
0-0: Ball Oliver Todd is caught stealing 2nd base
|
Top of the 6th over - 0 run(s), 0 hit(s), 0 error(s), 0 left on base; Wichita 2 - West Virginia 7 |
BOTTOM OF THE 6TH |
West Virginia Power batting - Pitching for Wichita Wranglers : RHP Carlos Gabriel
|
Batting: RHB Martín López
|
0-0: Ground out 4-3 (Groundball, 4MS)
|
Batting: SHB Waylon Adams
|
0-0: Hit by Pitch
|
Batting: RHB Luis Quezada
|
0-0: Fielders Choice at 2nd, 2-6 (Groundball, 2R)
|
Batting: LHB Burt Ward
|
0-0: Called Strike 0-1: Called Strike 0-2: Foul Ball, location: 2F 0-2: Ball Luis Quezada steals 2nd base 1-2: Ball 2-2: Foul Ball, location: 2F 2-2: 2-RUN HOME RUN (Line Drive, 89XD), Distance : 415 ft
|
Batting: RHB Javier Peña
|
0-0: Ball 1-0: Fly out, F8 (Flyball, 78S)
|
Bottom of the 6th over - 2 run(s), 1 hit(s), 0 error(s), 0 left on base; Wichita 2 - West Virginia 9 |
TOP OF THE 7TH |
Wichita Wranglers batting - Pitching for West Virginia Power : RHP Drake Johnston
|
Batting: RHB Rusty Bennett
|
0-0: Called Strike 0-1: Ball 1-1: Swinging Strike 1-2: Foul Ball, location: 2F 1-2: SOLO HOME RUN (Flyball, 78XD), Distance : 433 ft
|
Batting: LHB Al Miller
|
0-0: Foul Ball, location: 2F 0-1: Ball 1-1: Foul Ball, location: 2F 1-2: Foul Ball, location: 2F 1-2: Strikes out swinging
|
Batting: RHB Jorge Barbosa
|
0-0: Ball 1-0: Ground out 1-3 (Groundball, 13S)
|
Batting: LHB Richard Hinkle
|
0-0: Ball 1-0: Called Strike 1-1: Foul Ball, location: 2F 1-2: Foul Ball, location: 2F 1-2: Fly out, F5 (Popup, 56S)
|
Top of the 7th over - 1 run(s), 1 hit(s), 0 error(s), 0 left on base; Wichita 3 - West Virginia 9 |
BOTTOM OF THE 7TH |
West Virginia Power batting - Pitching for Wichita Wranglers : RHP Carlos Gabriel
|
Batting: RHB Tony Parker
|
0-0: Called Strike 0-1: Foul Ball, location: 2F 0-2: SOLO HOME RUN (Flyball, 7LD), Distance : 325 ft
|
Pitching: RHP Javier Pacheco
|
|
Batting: LHB Phil Neal
|
0-0: Ball 1-0: Ball 2-0: Called Strike 2-1: Foul Ball, location: 2F 2-2: Ball 3-2: Foul Ball, location: 2F 3-2: Base on Balls
|
Batting: LHB Wally Harris
|
0-0: Ball 1-0: Ball 2-0: Called Strike 2-1: Ball 3-1: Base on Balls Phil Neal to second
|
Batting: SHB Thomas Simmons
|
0-0: Swinging Strike 0-1: Called Strike 0-2: Strikes out swinging
|
Batting: RHB Martín López
|
0-0: Called Strike 0-1: Ball 1-1: Ball 2-1: Foul Ball, location: 2F 2-2: Grounds into double play, 6-4-3 (Groundball, 6)
|
Bottom of the 7th over - 1 run(s), 1 hit(s), 0 error(s), 1 left on base; Wichita 3 - West Virginia 10 |
TOP OF THE 8TH |
Wichita Wranglers batting - Pitching for West Virginia Power : RHP Drake Johnston
|
Batting: RHB Gabriel Erwin
|
0-0: Called Strike 0-1: Foul Ball, location: 2F 0-2: Ball 1-2: Ball 2-2: Ball 3-2: Foul Ball, location: 2F 3-2: Foul Ball, location: 2F 3-2: Foul Ball, location: 2F 3-2: Base on Balls
|
Batting: RHB José López
|
0-0: Called Strike 0-1: Ball 1-1: Swinging Strike 1-2: Ball 2-2: Ball 3-2: Fly out, F6 (Popup, 6D)
|
Batting: RHB Hubert MacDonald
|
0-0: Ball 1-0: Ball 2-0: Ball 3-0: Called Strike 3-1: DOUBLE (Line Drive, 7LD) Gabriel Erwin to third Runner from 3rd tries for Home, SAFE, no throw
|
Batting: RHB Félix Gonzáles
|
0-0: Called Strike 0-1: Ball 1-1: Foul Ball, location: 2F 1-2: Ball 2-2: Foul Ball, location: 2F 2-2: Ball 3-2: Fly out, F5 (Line Drive, 5)
|
Batting: RHB Oliver Todd
|
0-0: Called Strike 0-1: Ball 1-1: Ball 2-1: Swinging Strike 2-2: Ball 3-2: Fly out, F7 (Flyball, 7LS)
|
Top of the 8th over - 1 run(s), 1 hit(s), 0 error(s), 1 left on base; Wichita 4 - West Virginia 10 |
BOTTOM OF THE 8TH |
West Virginia Power batting - Pitching for Wichita Wranglers : RHP Javier Pacheco
|
Batting: SHB Waylon Adams
|
0-0: Foul Ball, location: 2F 0-1: Ball 1-1: Foul Ball, location: 2F 1-2: Ball 2-2: Strikes out swinging
|
Batting: RHB Luis Quezada
|
0-0: Fly out, F9 (Flyball, 9S)
|
Batting: LHB Burt Ward
|
0-0: Ball 1-0: Called Strike 1-1: SOLO HOME RUN (Flyball, 9D), Distance : 366 ft
|
Batting: RHB Javier Peña
|
0-0: Foul Ball, location: 2F 0-1: Foul Ball, location: 2F 0-2: Hit by Pitch
|
Batting: RHB Tony Parker
|
0-0: Fly out, F8 (Flyball, 78S)
|
Bottom of the 8th over - 1 run(s), 1 hit(s), 0 error(s), 1 left on base; Wichita 4 - West Virginia 11 |
TOP OF THE 9TH |
Wichita Wranglers batting - Pitching for West Virginia Power : RHP Drake Johnston
|
Pitching: RHP António Zapata
|
|
Now at 1B: Millard Walker
|
|
Now at 3B: Ron Guillén
|
|
Batting: RHB Rusty Bennett
|
0-0: Ball 1-0: Ball 2-0: Called Strike 2-1: Called Strike 2-2: Ball 3-2: Foul Ball, location: 2F 3-2: Strikes out swinging
|
Batting: LHB Al Miller
|
0-0: Foul Ball, location: 2F 0-1: Foul Ball, location: 2F 0-2: Strikes out swinging
|
Batting: RHB Jorge Barbosa
|
0-0: Foul Ball, location: 2F 0-1: Swinging Strike 0-2: Ball 1-2: Strikes out swinging
|
Top of the 9th over - 0 run(s), 0 hit(s), 0 error(s), 0 left on base; Wichita 4 - West Virginia 11 |
|